 Dungeon Crawl Stone Soup version 0.28.0-1-gb440e238dd (webtiles) character file.

Game seed: 55798318879987109

109 Colgate the Conjurer (level 4, -3/30 HPs)
             Began as a Demonspawn Conjurer on Feb 19, 2022.
             Was a High Priest of Ignis.
             Succumbed to a kobold brigand's curare-tipped dart
             ... in a sewer.
             The game lasted 00:07:25 (2234 turns).

Colgate the Conjurer (Demonspawn Conjurer)          Turns: 2234, Time: 00:07:26

Health: -3/30      AC:  3    Str:  7    XL:     4   Next: 59%
Magic:  7/7        EV: 12    Int: 21    God:    Ignis [*****.]
Gold:   100        SH:  0    Dex: 12    Spells: 1/7 levels left

rFire   + . .      SeeInvis .   k - staff of conjuration
rCold   . . .      Faith    .   (no shield)
rNeg    . . .      Spirit   .   a - +0 robe
rPois   .          Reflect  .   c - +1 hat
rElec   .          Harm     .   (no cloak)
rCorr   .          Rampage  .   (no gloves)
Will    .....                   (no boots)
Stlth   ++........              (no amulet)
HPRegen 0.10/turn               (no ring)
MPRegen 0.20/turn               (no ring)

@: lethally poisoned (-3 -> -19), flying, hasted and slowed
A: spiny 1, magic regeneration
a: Renounce Religion, Fiery Armour, Foxfire Swarm, Rising Flame


You were in a sewer.
You worshipped Ignis.
Ignis was extremely pleased with you.
You visited 1 branch of the dungeon, and saw 3 of its levels.
You also visited: Sewer.

You collected 100 gold pieces.

Inventory:

Hand Weapons
 f - a +0 short sword
Missiles
 j - 4 poisoned darts
Armour
 a - a +0 robe (worn)
 c - a +1 hat (worn)
 l - the +8 chain mail of the Five Bounties {rPois rC+ rCorr}
   (You found it on level 2 of the Dungeon)

   rC:        It protects you from cold.
   rPois:     It protects you from poison.
   rCorr:     It protects you from acid and corrosion.
Magical Staves
 k - a staff of conjuration (weapon)
Scrolls
 e - a scroll of teleportation {@r3}
Potions
 d - 2 potions of haste {@q4}
 h - a potion of attraction


   Skills:
 - Level 1.7 Dodging
 - Level 1.7 Stealth
 - Level 2.0 Spellcasting
 - Level 6.0 Conjurations
 + Level 0.3 Hexes


You had one spell level left.
You knew the following spells:

 Your Spells              Type           Power      Damage    Failure   Level
b - Searing Ray           Conj           82%        2d7       1%          2
c - Fulminant Prism       Conj/Hex       11%        3d9       36%         4

Your spell library contained the following spells:

 Spells                   Type           Power      Damage    Failure   Level
 Magic Dart               Conj           100%       1d8       1%          1
 Animate Skeleton         Necr           4%         N/A       14%         1
 Apportation              Tloc           4%         N/A       14%         1
 Summon Small Mammal      Summ           8%         N/A       14%         1
 Dazzling Flash           Conj/Hex       46%        N/A       12%         3
 Iskenderun's Mystic Bla  Conj/Tloc      22%        2d6       38%         4


Dungeon Overview and Level Annotations

Branches:
Dungeon (3/15)              Sewer (1/1)

Altars:
Ignis

Annotations:
D:1 kiven tahi puun takana ekspaa


Innate Abilities, Weirdness & Mutations

You are partially covered in sharp spines.
You regenerate magic rapidly.


Message History

Moving in this stuff is going to be slow.
You enter the shallow water.
Moving in this stuff is going to be slow.
You enter the shallow water.
Moving in this stuff is going to be slow.
An endoplasm and a kobold brigand come into view.
The kobold brigand is wielding a +0 dagger and quivering curare-tipped darts.
The kobold brigand shouts!
The endoplasm quivers.
The kobold brigand throws a curare-tipped dart.
The curare-tipped dart hits you.
You are poisoned.
You have difficulty breathing.
You feel yourself slow down.
Unknown command.
Okay, then.
Unknown command.
Okay, then.
Okay, then.
Unknown command.
You feel yourself speed up.
You feel very sick.
The kobold brigand throws a curare-tipped dart.
The curare-tipped dart hits you.
You are lethally poisoned!
You have difficulty breathing.
* * * LOW HITPOINT WARNING * * *
You feel as though you will be slow longer.
Unknown command.
Okay, then.
* * * LOW HITPOINT WARNING * * *
You feel very sick.
It was a potion of flight.
You feel very buoyant.
You fly up into the air.
* * * LOW HITPOINT WARNING * * *
You feel very sick.
The kobold brigand throws a curare-tipped dart.
The curare-tipped dart closely misses you.
Okay, then.
You die...

#. .# #.#.#.#†#
#≈ K# #≈#≈#≈#≈#
#J ≈# #≈#†#≈#≈#
≈# ≈#≈ #≈#≈#≈#≈#
≈≈ .≈≈ #≈≈≈#≈≈≈#
#≈ #≈# ##≈###≈##
#≈ #≈# #≈# #≈#
#≈###.# #≈###.#
#≈≈@.≈# #≈≈≈.≈#
##≈..## ##..≈##
#.≈.# #.≈.# #.≈.#
#≈≈.# #.≈≈##
##≈≈≈# #≈..≈##
##..≈.#
#≈≈.≈≈#####.≈≈≈.#
##.≈.≈≈≈≈≈≈.≈≈.##
###≈≈.≈≈≈≈≈≈###


There were no monsters in sight!

Vanquished Creatures
  2 river rats (D:3)
  4 adders
  2 worms
  A dart slug (D:2)
  6 endoplasms
  2 giant cockroaches
  5 goblins (D:1)
  4 hobgoblins
  2 kobolds
  3 quokkas
  4 ball pythons
  A bat (D:2)
  2 frilled lizards
  12 rats
50 creatures vanquished.

Notes
Turn   | Place    | Note
-------+----------+-------------------------------------------
     0 | D:1      | Colgate the Demonspawn Conjurer began the quest for the
                  | Orb.
     0 | D:1      | Reached XP level 1. HP: 13/13 MP: 3/3
     5 | D:1      | Noticed a death yak
   193 | D:1      | Gained mutation: You are partially covered in sharp spines.
                  | [demonic ancestry]
   193 | D:1      | Reached XP level 2. HP: 19/19 MP: 1/5
   196 | D:1      | Learned a level 2 spell: Searing Ray
  1032 | D:1      | Noticed a death yak
  1200 | D:2      | Reached skill level 5 in Conjurations
  1278 | D:2      | Reached XP level 3. HP: 22/24 MP: 0/6
  1498 | D:2      | Identified the +8 chain mail of the Five Bounties {rPois
                  | rC+ rCorr}
  1740 | D:2      | Gained mutation: You regenerate magic rapidly. [demonic
                  | ancestry]
  1740 | D:2      | Reached XP level 4. HP: 30/30 MP: 3/7
  1745 | D:2      | Learned a level 4 spell: Fulminant Prism
  1837 | D:2      | Found a faded altar of an unknown god.
  1845 | D:2      | Prayed at the altar of an unknown god.
  1845 | D:2      | Became a worshipper of Ignis, the Dying Flame
  2073 | D:3      | Found a glowing drain.
  2079 | D:3      | Reached skill level 6 in Conjurations
  2110 | Sewer    | Entered a sewer
  2230 | Sewer    | Noticed a kobold brigand
  2233 | Sewer    | HP: 1/30 [poisoned by a kobold brigand (curare-tipped
                  | dart)]
  2234 | Sewer    | Succumbed to a kobold brigand's curare-tipped dart

Illustrated notes

Levels and vault maps discovered:
D:1:      sevenhm_arrival_forest_fort_small_2, layout_basic
D:2:      layout_rooms, shapermc_ecumenical_altar_pompeii
D:3:      layout_loops_ring, portal_sewer_entry_c, serial_park_tiny_1,
          uniq_natasha, uniq_sigmund
Sewer:    sewer_co_tree

Skill      XL: |  1  2  3  4 |
---------------+-------------+-----
Conjurations   | 5 6 |  6.0
Dodging        | |  1.7
Stealth        | |  1.7
Spellcasting   | |  2.0
Hexes          | |  0.3

Action                   |  1- 3 |  4- 6 || total
-------------------------+-------+-------++-------
Melee: Unarmed           |     5 |       ||     5
       Staff             |     5 |       ||     5
 Cast: Magic Dart        |    44 |     1 ||    45
       Searing Ray       |    13 |     8 ||    21
  Use: Scroll            |       |     7 ||     7
       Potion            |       |     2 ||     2
Armor: Robe              |     2 |       ||     2
Dodge: Dodged            |     4 |     1 ||     5
